 Dungeon Crawl Stone Soup version 0.19.4-10-g532645f (webtiles) character file.

555645 Rrauwl the Executioner (level 25, -3/339 (367) HPs)
             Began as a Minotaur Berserker on Feb 23, 2017.
             Was the Champion of Trog.
             Succumbed to poison (dark miasma)
             ... on level 2 of the Tomb of the Ancients.
             The game lasted 07:18:20 (42166 turns).

Rrauwl the Executioner (Minotaur Berserker)        Turns: 42166, Time: 07:18:20

HP:   -3/339 (367)  AC: 48    Str: 39    XL:     25   Next: 69%
MP:   28/28         EV: 15    Int:  8    God:    Trog [******]
Gold: 3197          SH: 29    Dex: 11    Spells: 0 memorised, 25 levels left

rFire  + + .     SeeInvis +     z - +14 obsidian axe {chop, +Fly SInv *Curse}
rCold  . . .     Gourm    .     a - +9 crystal plate armour
rNeg   + . .     Faith    .     v - +1 large shield {rN+}
rPois  +         Spirit   .     (helmet unavailable)
rElec  +         Reflect  .     Q - +2 cloak of the Slightly Bent {rElec rPois Str+6 Dex-4}
rCorr  .         Harm     .     m - +1 pair of gloves of Recklessness {rF+ MR+ Regen+}
MR     +++++                    p - +0 pair of boots of Okawaru's Favour {+Inv Int+5 SInv}
Stlth  ..........               x - amulet of regeneration
                                M - ring of protection from fire
                                y - ring of protection from magic

@: berserking (expiring), lethally poisoned (-3 -> -53), mesmerised,
recuperating, diseased, slowed
A: retaliatory headbutt, hooves 1, horns 3, repulsion field 1, slimy green
scales 1, dopey 1, magic resistance 1, poison resistance
a: Berserk, Trog's Hand, Brothers in Arms, Burn Spellbooks, Renounce Religion,
Evoke Invisibility, Evoke Flight
}: 2/15 runes: serpentine, silver


You were on level 2 of the Tomb of the Ancients.
You worshipped Trog.
Trog was exalted by your worship.
You were near starving.

You visited 8 branches of the dungeon, and saw 40 of its levels.
You visited 1 bazaar.
You also visited: Ice Cave.

You collected 6257 gold pieces.
You spent 3060 gold pieces at shops.

Inventory:

Hand Weapons
 s - the +8 dagger of the Shark {speed, rElec Int+2}
   (You took it off a mummy priest on level 2 of the Tomb of the Ancients)

   Attacks with this weapon are significantly faster.
   It affects your intelligence (+2).
   It insulates you from electricity.
 z - the +14 obsidian axe (weapon) {chop, +Fly SInv *Curse}
   (You acquired it on level 7 of the Dungeon)

   It inflicts extra damage upon your enemies.
   It lets you see invisible.
   It lets you fly.
   It may re-curse itself when equipped.
Missiles
 n - 14 poisoned tomahawks (quivered)
 q - 7 javelins of returning
Armour
 a - a +9 crystal plate armour (worn)
 m - the +1 pair of gloves of Recklessness (worn) {rF+ MR+ Regen+}
   (You acquired it on level 1 of the Tomb of the Ancients)

   It protects you from fire.
   It affects your resistance to hostile enchantments.
   It increases your rate of regeneration.
 p - the +0 pair of boots of Okawaru's Favour (worn) {+Inv Int+5 SInv}
   (You bought it in a shop on level 2 of the Vaults)

   It affects your intelligence (+5).
   It lets you see invisible.
   It lets you turn invisible.
 v - a +1 large shield of positive energy (worn)
 Q - the +2 cloak of the Slightly Bent (worn) {rElec rPois Str+6 Dex-4}
   (You acquired it on level 4 of the Lair of Beasts)

   It affects your strength (+6).
   It affects your dexterity (-4).
   It insulates you from electricity.
   It protects you from poison.
Jewellery
 x - an amulet of regeneration (around neck)
 y - a ring of protection from magic (left hand)
 M - a ring of protection from fire (right hand)
Wands
 k - a wand of lightning (6/15)
 l - a wand of heal wounds (5/9)
 B - a wand of iceblast (7/15)
 D - a wand of acid (8/15)
 I - a wand of disintegration (11/24)
 T - a wand of digging (22/24)
Scrolls
 b - 7 scrolls of fog
 e - 4 scrolls of identify
 f - 8 scrolls of blinking
 g - a scroll of immolation
 j - 15 scrolls of remove curse
 w - 4 scrolls of fear
 J - 2 scrolls of teleportation
Potions
 d - 16 potions of curing
 i - 11 potions of might
 A - 2 potions of resistance
 X - a potion of cancellation
Miscellaneous
 r - 2 phantom mirrors
 G - a phial of floods
Comestibles
 h - 17 bread rations


   Skills:
 + Level 23.9 Fighting
 + Level 24.6 Axes
 - Level 11.1 Throwing
 + Level 23.1 Armour
 - Level 10.0 Dodging
 - Level 10.6 Stealth
 + Level 23.9 Shields
 - Level 0.6 Spellcasting
 - Level 8.0 Evocations


You had 25 spell levels left.
You didn't know any spells.

Dungeon Overview and Level Annotations

Branches:
Dungeon (15/15)            Temple (0/1) D:5            Lair (6/6) D:11
 Shoals (0/4) Lair:4        Snake (4/4) Lair:2        Slime (0/5) Lair:5
    Orc (2/2) D:11            Elf (0/3) Orc:2        Vaults (5/5) D:13
  Crypt (3/3) Vaults:2       Tomb (2/3) Crypt:3      Depths (3/5) D:15

Altars:
Ashenzari
Dithmenos
Fedhas
Gozag
Kikubaaqudgha
Makhleb
Qazlal
Sif Muna
Vehumet
Xom
Yredelemnul
Beogh
Jiyva

Shops:
D:6 [   D:11 *(   D:12 *   Orc:2 ??**   Snake:4 **   Vaults:2 [

Portals:
Hell: Lair:6 Depths:1 Depths:2 Depths:3
Pandemonium: Depths:3


Innate Abilities, Weirdness & Mutations

You reflexively headbutt those who attack you in melee.
You have a pair of large horns on your head.
You have large cloven feet.
You are surrounded by a mild repulsion field. (EV +2)
You are partially covered in slimy green scales. (AC +2)
You are dopey. (Int -2)
You are resistant to hostile enchantments. (MR+)
Your system is resistant to poisons. (rPois)


Message History

The greater mummy hits you!!
* * * LOW HITPOINT WARNING * * *
You slice the greater mummy!!
You break out of your daze!
You destroy the greater mummy!
Trog accepts your kill.
Trog appreciates your killing of a magic user.
You feel extremely nervous for a moment...
Something reaches out for you...
The ice devil disappears in a puff of smoke!
You feel your strength returning.
You open the ushabti like a pillowcase!!!
You destroy the ushabti!
Trog accepts your kill.
Visions of slaying the soul eater flood into your mind.
You are engulfed in dark miasma.
You are more poisoned.
You feel your flesh rotting away!
* * * LOW HITPOINT WARNING * * *
x2 You feel very sick.
You die...

..#....##......
...#...........)
...#............ ..
#............
###'###.....##.....
#§§...#.....##.....
#§....#..(..##.....
#§3...#..##.##....<
#3@...#.....##.....
#<^...#.....##..(..
#.....#.....##.....
#.....#........?...
#.....#............
#.....#............
#.....#....##......
###'###....###.....
.. #.....###...#


You could see a soul eater and a friendly sixfirhy.

Vanquished Creatures
  Mara (Snake:4)
  Boris (Depths:3)
  28 greater mummies
  A shard shrike (shapeshifter) (Depths:3)
  Vashnia (Snake:3)
  2 caustic shrikes (Depths:3)
  Saint Roka (Vaults:5)
  5 golden dragons
  Nikola (Depths:1)
  Jorgrun (Crypt:2)
  A tentacled monstrosity (Vaults:5)
  2 liches
  Asterion (Depths:1)
  6 titans
  8 sphinxes
  3 ancient champions
  4 tengu reavers
  2 storm dragons (Vaults:5)
  Agnes (Snake:4)
  7 shadow dragons (Vaults:5)
  8 nagarajas
  The ghost of Laauton the Severer, an adept GrBe of Trog (Snake:4)
  2 revenants
  8 frost giants
  5 fire giants
  An iron dragon (Vaults:5)
  12 vault wardens
  2 deep elf sorcerers
  Aizul (Depths:1)
  A large abomination (Vaults:5)
  Louise (Snake:2)
  2 reapers
  2 curse skulls
  7 ghouls
  2 juggernaut skeletons
  4 war gargoyles
  16 ironheart preservers
  A spriggan defender (Depths:3)
  13 stone giants
  15 very ugly things
  8 vampire knights
  3 bennus (Tomb:2)
  2 deep elf demonologists (Vaults:5)
  A dire elephant (Lair:6)
  A small abomination (Vaults:5)
  2 deep elf annihilators
  A spark wasp (Depths:3)
  17 mummy priests
  10 ettins
  7 deep elf death magi
  3 eidola
  3 fire dragons
  15 yaktaur captains
  7 jiangshi
  Josephine (D:14)
  A deep elf high priest (Vaults:5)
  Erolcha (D:10)
  A rakshasa (Depths:1)
  A hydra (D:14)
  3 ice dragons
  A hell beast (Lair:6)
  27 vault guards
  15 naga warriors
  An anaconda (shapeshifter) (Vaults:5)
  5 anacondas
  10 centaur warriors
  Erica (D:10)
  A death knight (Vaults:5)
  3 tengu warriors
  16 ogre magi
  6 deep troll shamans
  5 orc high priests (Orc:2)
  2 death yaks (Depths:2)
  5 deep troll earth magi
  43 death scarabs
  The ghost of StormFighter the Thaumaturge, a journeyman DEFE of Vehumet (D:11)
  A hellephant zombie (Crypt:1)
  5 vampire magi
  A soul eater (Crypt:1)
  17 naga sharpshooters
  10 shock serpents
  6 deep elf knights
  A titan skeleton (Vaults:4)
  5 shadow wraiths
  9 flayed ghosts
  2 salamander mystics (Snake:4)
  A fire crab (Depths:2)
  A spark wasp zombie (Depths:3)
  A death drake (Depths:2)
  20 skeletal warriors
  A golden dragon zombie (Depths:3)
  14 deep trolls
  3 hell knights (Vaults:5)
  8 hill giants
  2 glowing orange brains
  A sea snake (Depths:2)
  An unseen horror (shapeshifter) (Vaults:3)
  4 harpies
  9 naga ritualists
  An orange crystal statue (Snake:4)
  2 wolf spider zombies (Crypt:1)
  A lindwurm (shapeshifter) (D:13)
  A lindwurm (Depths:2)
  6 unseen horrors
  15 phantasmal warriors
  9 wizards
  9 ironbrand convokers
  A harpy (shapeshifter) (Depths:2)
  20 orc knights
  5 deep elf archers
  12 deep elf magi
  A mana viper (shapeshifter) (Vaults:5)
  6 mana vipers
  4 necromancers
  3 orc sorcerers
  3 wolf spiders
  43 ugly things
  18 salamanders
  2 manticores
  2 worldbinders (Depths:2)
  11 vault sentinels
  10 cyclopes
  A fire giant skeleton (Crypt:1)
  22 naga magi
  26 black mambas
  2 molten gargoyles (Depths:2)
  A guardian serpent (shapeshifter) (D:13)
  7 guardian serpents
  A spiny frog (shapeshifter) (Depths:1)
  An eye of devastation (shapeshifter) (Vaults:1)
  A stone giant skeleton (Crypt:2)
  2 gargoyles
  3 orange demons (Lair:6)
  8 spiny frogs
  A yaktaur (shapeshifter) (Depths:2)
  A rime drake (Lair:6)
  A human zombie (Vaults:4)
  6 kobold demonologists
  6 komodo dragons
  53 yaktaurs
  4 freezing wraiths
  A queen ant zombie (Crypt:1)
  5 ice devils (Lair:6)
  A hellwing (Lair:6)
  26 guardian mummies
  2 tengu conjurers (Depths:3)
  A black draconian skeleton (Crypt:1)
  2 jumping spiders (shapeshifter)
  3 meliai (D:15)
  A hydra zombie (Tomb:1)
  11 polar bears (IceCv)
  8 trolls
  A wolf spider simulacrum (Crypt:1)
  Grinder (D:5)
  The ghost of zegmoder the Skirmisher, an amateur DsAK of Lugonu (D:5)
  6 hornets
  A hornet (shapeshifter) (D:13)
  A death drake skeleton (Crypt:3)
  5 hippogriffs
  A blink frog (shapeshifter) (Vaults:1)
  A fire dragon zombie (Crypt:1)
  A hippogriff (shapeshifter) (Vaults:4)
  20 slime creatures
  2 raiju (Depths:2)
  Prince Ribbit (D:7)
  19 two-headed ogres
  A hydra skeleton (Tomb:2)
  3 blink frogs (Lair:6)
  15 bog bodies
  13 flying skulls
  2 wraiths (Vaults:1)
  A fire dragon skeleton (Crypt:3)
  3 redbacks (Depths:2)
  An air elemental (Depths:2)
  A redback (shapeshifter) (Vaults:5)
  A wyvern (shapeshifter) (Vaults:5)
  16 ushabtiu
  3 shadows
  5 wyverns
  4 water elementals
  A vampire (D:13)
  67 yaks
  An ice dragon skeleton (Tomb:2)
  2 basilisks (Lair:6)
  2 fire elementals (Depths:2)
  2 basilisks (shapeshifter)
  2 ettin skeletons (Vaults:4)
  A hog (shapeshifter) (Depths:1)
  2 hogs
  2 mottled dragons
  Menkaure (D:4)
  Edmund (D:5)
  2 insubstantial wisps (Depths:2)
  5 wargs
  55 nagas
  17 water moccasins
  A hell hound (Lair:6)
  A monstrous demonspawn skeleton (Crypt:2)
  A soldier ant (shapeshifter) (Vaults:1)
  7 porcupines
  5 ice beasts
  5 phantoms
  39 orc warriors
  A lindwurm zombie (Crypt:1)
  5 sky beasts
  A ghost crab zombie (Crypt:3)
  2 black bears
  2 eyes of draining
  3 boggarts
  4 necrophages
  A wolf (shapeshifter) (Vaults:5)
  49 ogres
  14 wolves
  13 centaurs
  7 crocodiles
  A yaktaur zombie (Crypt:2)
  An octopode zombie (Crypt:3)
  16 bullfrogs
  6 big kobolds
  A gnoll sergeant (D:7)
  3 scorpions
  A polar bear zombie (Crypt:2)
  2 elf simulacra
  5 wights (D:9)
  A killer bee (D:13)
  2 electric eels
  3 howler monkeys
  2 troll skeletons
  A bullfrog zombie (D:12)
  6 centaur zombies
  5 crimson imps
  2 quasits
  7 hounds
  A jelly (D:7)
  20 orc wizards
  A bullfrog skeleton (D:4)
  25 orc priests
  8 centaur skeletons
  Jessica (D:3)
  A human skeleton (Tomb:1)
  4 iguanas
  3 lightning spires (Depths:2)
  12 worker ants
  6 ogre zombies (D:11)
  A felid skeleton (Crypt:1)
  A mottled dragon zombie (Crypt:3)
  A hound zombie (Crypt:2)
  2 hound skeletons
  37 mummies
  7 gnolls
  14 adders
  2 howler monkey skeletons
  3 river rats (D:4)
  A shadow imp (D:5)
  An ooze (D:4)
  An adder zombie (Crypt:3)
  2 adder skeletons
  4 worms (D:2)
  8 leopard geckos
  80 orcs
  5 bats
  7 giant cockroaches
  8 goblins
  13 hobgoblins
  9 jackals
  3 quokkas
  A ball python skeleton (Crypt:3)
  7 frilled lizards
  A frilled lizard zombie (Crypt:2)
  A gnoll skeleton (Crypt:3)
  A gnoll zombie (Crypt:3)
  A goblin skeleton (D:11)
  A goblin zombie (D:11)
  A hobgoblin skeleton (D:11)
  A hobgoblin zombie (D:11)
  A jackal skeleton (D:7)
  17 kobolds
  A leopard gecko zombie (D:6)
  5 orc skeletons (D:11)
  9 orc zombies (D:11)
  A quokka zombie (D:7)
  4 rats
  2 fungi (Lair:6)
  4 plants
  A withered plant (D:2)
1798 creatures vanquished.

Vanquished Creatures (collateral kills)
  5 greater mummies
  Frederick (Depths:3)
  The ghost of Rrauwl the Warrior, an adept CeAK of Lugonu (Snake:4)
  A lich (Depths:1)
  4 titans
  A sphinx (Tomb:1)
  Kirke (Lair:5)
  Gastronok (D:8)
  2 tengu reavers
  A nagaraja (Snake:4)
  A shadow dragon (Vaults:5)
  A frost giant (Vaults:5)
  An iron dragon (Depths:3)
  A vault warden (Vaults:2)
  2 very ugly things
  5 stone giants
  2 ghouls (Crypt:3)
  2 ironheart preservers (Vaults:5)
  A bennu (Tomb:2)
  A vampire knight (Depths:3)
  A deep elf annihilator (D:13)
  A spark wasp (Depths:3)
  Snorg (Lair:5)
  3 ettins
  3 fire dragons
  4 mummy priests
  A great orb of eyes (Vaults:4)
  A yaktaur captain (Vaults:1)
  7 naga warriors
  A rakshasa (Vaults:3)
  2 vault guards (Vaults:4)
  4 hydras
  A catoblepas (D:14)
  An anaconda (Snake:3)
  3 death knights
  2 ogre magi
  2 vampire magi
  2 death yaks
  5 death scarabs (Tomb:1)
  A naga sharpshooter (Snake:3)
  A spriggan berserker (Depths:3)
  2 tengu warriors
  A deep elf knight (Vaults:1)
  A salamander mystic (Snake:4)
  3 hell knights (Vaults:5)
  5 skeletal warriors
  2 flayed ghosts
  3 naga ritualists (Snake:4)
  A lindwurm (Depths:2)
  4 deep trolls
  3 hill giants
  A lindwurm (shapeshifter) (Vaults:3)
  A wizard (D:15)
  A golden dragon skeleton (Depths:3)
  2 deep elf archers
  A necromancer (Vaults:2)
  2 ironbrand convokers (Vaults:5)
  A phantasmal warrior (Vaults:5)
  17 ugly things
  5 mana vipers
  7 cyclopes
  A harpy (Vaults:2)
  An oklob plant (Lair:6)
  5 orc knights
  A faun (shapeshifter) (Vaults:2)
  4 salamanders
  A wolf spider (Depths:2)
  An orc sorcerer (D:11)
  4 deep elf magi
  3 black mambas
  A guardian serpent (Snake:4)
  A centaur zombie (D:15)
  A gargoyle (D:13)
  2 naga magi
  3 vault sentinels
  2 centaur skeletons
  A spiny frog (Lair:6)
  2 komodo dragons (Lair:6)
  A freezing wraith (Vaults:2)
  10 yaktaurs
  10 guardian mummies
  A troll (shapeshifter) (D:14)
  A tengu conjurer (D:15)
  A polar bear (Lair:5)
  A merfolk (D:9)
  A troll (D:14)
  2 two-headed ogres
  4 blink frogs (Lair:5)
  2 hippogriffs
  2 bog bodies (Crypt:3)
  4 slime creatures
  An air elemental (Depths:2)
  6 wraiths
  11 ushabtiu
  A wyvern (D:9)
  18 yaks
  A water elemental (Depths:3)
  6 hogs (Lair:5)
  A hog (shapeshifter) (Depths:3)
  Grum (D:8)
  A merfolk zombie (Crypt:2)
  18 nagas
  4 water moccasins
  An ice beast (shapeshifter) (D:13)
  9 orc warriors
  A black bear (D:7)
  A sky beast (D:15)
  2 necrophages
  A phantom (D:9)
  7 wolves
  5 ogres
  2 centaurs
  2 crocodiles
  2 big kobolds
  4 bullfrogs
  A gnoll sergeant (D:11)
  A wight (D:9)
  A vampire bat (Depths:2)
  A lava snake (Depths:2)
  A jelly (D:14)
  8 orc priests
  An orc wizard (D:11)
  An iguana (D:9)
  A worker ant (D:14)
  A lightning spire (Depths:2)
  2 ogre zombies (D:11)
  14 mummies
  2 gnolls
  An adder (D:8)
  9 orcs
  2 kobolds
  A goblin skeleton (D:11)
  A goblin zombie (D:11)
  2 orc skeletons (D:11)
  3 orc zombies (D:11)
  A bush (Depths:2)
  A crawling corpse (Vaults:5)
  A fungus (Lair:6)
382 creatures vanquished.

Vanquished Creatures (others)
  An eldritch tentacle (Tomb:2)
  2 fire giants
  A frost giant (Depths:3)
  A mummy priest (Tomb:2)
  A freezing wraith (Vaults:5)
  A guardian mummy (Tomb:2)
  4 flying skulls (Tomb:1)
  An orc warrior (Vaults:5)
  3 ogres
  2 wolves (IceCv)
  3 mummies (Tomb:2)
  A ball lightning (Depths:2)
  A fungus (Lair:6)
  A plant (Snake:4)
23 creatures vanquished.

Grand Total: 2203 creatures vanquished

Notes
Turn   | Place    | Note
-------+----------+-------------------------------------------
     0 | D:1      | Rrauwl the Minotaur Berserker began the quest for the Orb.
     0 | D:1      | Reached XP level 1. HP: 19/19 MP: 0/0
   350 | D:1      | Reached XP level 2. HP: 21/27 MP: 1/1
   672 | D:1      | Reached skill level 4 in Axes
   708 | D:1      | Reached XP level 3. HP: 33/33 MP: 2/2
   709 | D:1      | Reached ** piety under Trog
   792 | D:2      | Found an ancient bone altar of Kikubaaqudgha.
  1031 | D:2      | Reached XP level 4. HP: 30/40 MP: 3/3
  1998 | D:3      | Noticed Jessica
  2006 | D:3      | Killed Jessica
  2006 | D:3      | Reached *** piety under Trog
  2006 | D:3      | Reached XP level 5. HP: 47/47 MP: 4/4
  2281 | D:4      | Noticed Menkaure
  2288 | D:4      | Killed Menkaure
  2288 | D:4      | Reached skill level 5 in Axes
  2288 | D:4      | Reached skill level 1 in Throwing
  2288 | D:4      | Reached skill level 1 in Stealth
  2288 | D:4      | Reached XP level 6. HP: 23/53 MP: 5/5
  2513 | D:4      | Reached skill level 5 in Fighting
  2563 | D:4      | Reached skill level 5 in Armour
  2583 | D:4      | Reached XP level 7. HP: 24/61 MP: 6/6
  2787 | D:4      | Reached skill level 6 in Axes
  2904 | D:4      | Reached skill level 7 in Axes
  3058 | D:4      | Reached **** piety under Trog
  3435 | D:5      | Entered Level 5 of the Dungeon
  3460 | D:5      | Gained mutation: Your spells are a little harder to cast, but a little more powerful. [potion of mutation]
  3460 | D:5      | Gained mutation: Armour fits poorly on your strangely shaped body. [potion of mutation]
  3460 | D:5      | Gained mutation: You have a pair of large horns on your head. [potion of mutation]
  3461 | D:5      | Gained mutation: You evolve. [potion of mutation]
  3461 | D:5      | Gained mutation: You are weak. (Str -2) [potion of mutation]
  3461 | D:5      | Gained mutation: Your mind is acute. (Int +2) [potion of mutation]
  3462 | D:5      | Lost mutation: You have a pair of large horns on your head. [potion of cure mutation]
  3462 | D:5      | Lost mutation: Your mind is acute. (Int +2) [potion of cure mutation]
  3462 | D:5      | Lost mutation: Armour fits poorly on your strangely shaped body. [potion of cure mutation]
  3463 | D:5      | Noticed Grinder
  3483 | D:5      | Paralysed by Grinder for 5 turns
  3490 | D:5      | Killed Grinder
  3490 | D:5      | Reached skill level 9 in Axes
  3490 | D:5      | Reached XP level 8. HP: 68/68 MP: 7/7
  3559 | D:5      | Found a shattered altar of Ashenzari.
  3586 | D:5      | Found a staircase to the Ecumenical Temple.
  3825 | D:5      | Noticed Edmund
  3836 | D:5      | Killed Edmund
  3839 | D:5      | Reached skill level 10 in Axes
  3845 | D:5      | Gained mutation: You are covered in fur. (AC +1) [mutagenic meat]
  3846 | D:5      | Gained mutation: Your mind is acute. (Int +2) [mutagenic meat]
  3847 | D:5      | Gained mutation: Armour fits poorly on your strangely shaped body. [mutagenic meat]
  3848 | D:5      | Lost mutation: Your spells are a little harder to cast, but a little more powerful. [mutagenic meat]
  3849 | D:5      | Gained mutation: You are frail. (-10% HP) [mutagenic meat]
  3850 | D:5      | Lost mutation: You are covered in fur. (AC +1) [mutagenic meat]
  4263 | D:5      | Found a blossoming altar of Fedhas.
  4481 | D:5      | Noticed zegmoder's ghost (amateur DsAK)
  4488 | D:5      | Killed zegmoder's ghost
  4488 | D:5      | Reached skill level 11 in Axes
  4658 | D:6      | Found a shadowy altar of Dithmenos.
  4694 | D:6      | Found a stormy altar of Qazlal.
  4695 | D:6      | Found a radiant altar of Vehumet.
  4695 | D:6      | Found a basalt altar of Yredelemnul.
  4737 | D:6      | Found Kibbiom's Antique Armour Shop.
  4940 | D:6      | Reached skill level 12 in Axes
  4940 | D:6      | Reached XP level 9. HP: 60/66 MP: 8/8
  5461 | D:7      | Reached skill level 1 in Shields
  5587 | D:7      | Identified 3 scrolls of acquirement
  5615 | D:7      | Noticed Prince Ribbit
  5625 | D:7      | Killed Prince Ribbit
  5690 | D:7      | Noticed a sixfirhy
  5704 | D:7      | Lost mutation: Your mind is acute. (Int +2) [mutagenic meat]
  5706 | D:7      | Gained mutation: You are agile. (Dex +2) [mutagenic meat]
  5869 | D:7      | Reached skill level 5 in Shields
  5929 | D:7      | Found a shimmering altar of Xom.
  6030 | D:8      | Reached skill level 13 in Axes
  6060 | D:8      | Noticed Grum
  6063 | D:8      | Reached ***** piety under Trog
  6067 | D:8      | Killed Grum
  6151 | D:8      | Found an opulent altar of Gozag.
  6282 | D:8      | Reached skill level 1 in Evocations
  6348 | D:8      | Noticed Gastronok
  6358 | D:8      | Killed Gastronok
  6358 | D:8      | Reached XP level 10. HP: 71/71 MP: 8/10
  6528 | D:9      | Noticed a gargoyle
  6530 | D:9      | Killed a gargoyle
  6621 | D:9      | Reached skill level 5 in Dodging
  7320 | D:10     | Entered Level 10 of the Dungeon
  7421 | D:10     | Noticed Erolcha
  7424 | D:10     | Killed Erolcha
  7424 | D:10     | Reached XP level 11. HP: 80/80 MP: 12/12
  7429 | D:10     | Noticed Erica
  7438 | D:10     | Killed Erica
  7438 | D:10     | Reached skill level 14 in Axes
  7589 | D:10     | Got a dazzling leather armour
  7600 | D:10     | Identified the +2 leather armour "Evizuh" {MP+9 Int+3 Stlth+} (You found it on level 10 of the Dungeon)
  7624 | D:10     | Gained mutation: You tend to lose your temper in combat. [potion of mutation]
  7624 | D:10     | Gained mutation: You expend magic power (3 MP) to strengthen your wands. [potion of mutation]
  7942 | D:11     | Noticed StormFighter's ghost (journeyman DEFE)
  7946 | D:11     | Killed StormFighter's ghost
  8094 | D:11     | Found a staircase to the Lair.
  8098 | D:11     | Found a staircase to the Orcish Mines.
  8098 | D:11     | Noticed an orc sorcerer
  8103 | D:11     | Killed an orc sorcerer
  8179 | D:11     | Found Jieh's Assorted Antiques.
  8190 | D:11     | Bought a scroll labeled DILOXERERR for 26 gold pieces
  8369 | D:11     | Found Sekifuk's Antique Weapon Shop.
  8641 | D:11     | Lost mutation: You evolve. [end of evolution]
  8814 | Lair:1   | Entered Level 1 of the Lair of Beasts
  9154 | Lair:1   | Reached ****** piety under Trog
  9731 | Lair:2   | Received a gift from Trog
  9868 | Lair:2   | Found a staircase to the Snake Pit.
 10005 | Lair:2   | Lost mutation: You expend magic power (3 MP) to strengthen your wands. [potion of cure mutation]
 10005 | Lair:2   | Lost mutation: You are frail. (-10% HP) [potion of cure mutation]
 10005 | Lair:2   | Lost mutation: You tend to lose your temper in combat. [potion of cure mutation]
 10005 | Lair:2   | Lost mutation: You are agile. (Dex +2) [potion of cure mutation]
 10005 | Lair:2   | Lost mutation: You are weak. (Str -2) [potion of cure mutation]
 10005 | Lair:2   | Lost mutation: Armour fits poorly on your strangely shaped body. [potion of cure mutation]
 10159 | Lair:2   | Reached XP level 12. HP: 103/103 MP: 13/13
 10161 | Lair:2   | Reached skill level 10 in Shields
 10741 | Lair:3   | Got an ancient ring mail
 10771 | Lair:3   | Identified the +3 ring mail of Geusuef {Str+3} (You found it on level 3 of the Lair of Beasts)
 11182 | Lair:4   | Received a gift from Trog
 11223 | Lair:4   | Found a staircase to the Shoals.
 11354 | Lair:4   | Got a faintly humming cloak
 11365 | Lair:4   | Identified the +2 cloak of the Slightly Bent {rElec rPois Str+6 Dex-4} (You acquired it on level 4 of the Lair of Beasts)
 11648 | Lair:5   | Reached skill level 15 in Axes
 11702 | Lair:5   | Reached skill level 5 in Throwing
 11705 | Lair:5   | Reached skill level 10 in Armour
 11719 | Lair:5   | Received a gift from Trog
 11731 | Lair:5   | Reached skill level 10 in Fighting
 11746 | Lair:5   | Noticed Snorg
 11752 | Lair:5   | Killed Snorg
 11767 | Lair:5   | Noticed Kirke
 11776 | Lair:5   | Killed Kirke
 11777 | Lair:5   | Found a staircase to the Slime Pits.
 11780 | Lair:5   | Found a viscous altar of Jiyva.
 12517 | Lair:6   | Entered Level 6 of the Lair of Beasts
 12548 | Lair:6   | Got a twisted scale mail
 12559 | Lair:6   | Identified the +4 scale mail of Divine Intervention {Slay+6} (You found it on level 6 of the Lair of Beasts)
 12742 | Lair:6   | Reached XP level 13. HP: 113/113 MP: 14/14
 12882 | Lair:6   | Received a gift from Trog
 12883 | Lair:6   | Got a shimmering executioner's axe {god gift}
 12884 | Lair:6   | Identified the +10 executioner's axe "Hydraslayer" {freeze, +Blink MR- Str+3 Int+7} (Trog gifted it to you on level 6 of the Lair of Beasts)
 12996 | Lair:6   | Noticed a dire elephant
 13005 | Lair:6   | Killed a dire elephant
 13035 | Lair:6   | Found a burning altar of Makhleb.
 13069 | Lair:6   | Found a gateway to Hell.
 13459 | Lair:1   | Identified a +4 rod of clouds (12/12) (You found it on level 6 of the Lair of Beasts)
 13573 | D:12     | Gained mutation: Your magical capacity is low. (-10% MP) [mutagenic meat]
 13574 | D:12     | Gained mutation: Your spells are a little harder to cast, but a little more powerful. [mutagenic meat]
 13575 | D:12     | Gained mutation: You are agile. (Dex +2) [mutagenic meat]
 13662 | D:12     | Found a frozen archway.
 13671 | IceCv    | Entered an ice cave
 13820 | IceCv    | Received a gift from Trog
 13868 | IceCv    | Gained mutation: You expend magic power (3 MP) to strengthen your wands. [potion of mutation]
 13868 | IceCv    | Gained mutation: You tend to lose your temper in combat. [potion of mutation]
 13868 | IceCv    | Lost mutation: Your magical capacity is low. (-10% MP) [potion of mutation]
 13970 | IceCv    | Noticed a frost giant
 13974 | IceCv    | Reached skill level 16 in Axes
 13985 | IceCv    | Killed a frost giant
 13985 | IceCv    | Reached XP level 14. HP: 84/123 MP: 16/16
 13989 | IceCv    | Reached skill level 5 in Evocations
 14116 | D:12     | Found Masygg's Changing Room.
 14140 | D:12     | Bought a potion of mutation for 32 gold pieces
 14140 | D:12     | Bought a potion of mutation for 32 gold pieces
 14140 | D:12     | Gained mutation: You have supernaturally acute eyesight. (SInv) [potion of mutation]
 14140 | D:12     | Gained mutation: You are somewhat resistant to further mutation. [potion of mutation]
 14673 | D:13     | Found a labyrinth entrance.
 14834 | D:13     | Received a gift from Trog
 14927 | D:13     | Found a gate to the Vaults.
 15102 | D:13     | Reached XP level 15. HP: 121/133 MP: 18/18
 15419 | D:14     | Noticed Josephine
 15428 | D:14     | Killed Josephine
 15506 | D:14     | Lost mutation: You are somewhat resistant to further mutation. [mutagenic meat]
 15507 | D:14     | Gained mutation: You are partially covered in molten scales. (AC +2) [mutagenic meat]
 15510 | D:14     | Gained mutation: Your mind is acute. (Int +2) [mutagenic meat]
 15511 | D:14     | Gained mutation: You are occasionally teleported next to monsters. [mutagenic meat]
 15512 | D:14     | Lost mutation: You have supernaturally acute eyesight. (SInv) [mutagenic meat]
 15526 | D:14     | Reached skill level 17 in Axes
 15528 | D:14     | Lost mutation: Your spells are a little harder to cast, but a little more powerful. [potion of cure mutation]
 15528 | D:14     | Lost mutation: Your mind is acute. (Int +2) [potion of cure mutation]
 15528 | D:14     | Lost mutation: You are agile. (Dex +2) [potion of cure mutation]
 15528 | D:14     | Lost mutation: You expend magic power (3 MP) to strengthen your wands. [potion of cure mutation]
 15529 | D:14     | Lost mutation: You tend to lose your temper in combat. [potion of cure mutation]
 15529 | D:14     | Lost mutation: You are partially covered in molten scales. (AC +2) [potion of cure mutation]
 15529 | D:14     | Lost mutation: You are occasionally teleported next to monsters. [potion of cure mutation]
 15567 | D:14     | Got a twisted robe
 15578 | D:14     | Identified the cursed +0 robe of Trog's Whim {rF+ rN+} (You found it on level 14 of the Dungeon)
 15623 | D:14     | Received a gift from Trog
 15995 | D:14     | Gained mutation: Scrolls take you a little longer to read. [mutagenic meat]
 15997 | D:14     | Gained mutation: You are dopey. (Int -2) [mutagenic meat]
 15998 | D:14     | Gained mutation: You possess an exceptional clarity of mind. [mutagenic meat]
 15999 | D:14     | Gained mutation: Your muscles are strong. (Str +2) [mutagenic meat]
 16176 | D:15     | Entered Level 15 of the Dungeon
 16464 | D:15     | Gained mutation: You have a pair of large horns on your head. [mutagenic meat]
 16465 | D:15     | Gained mutation: You are clumsy. (Dex -2) [mutagenic meat]
 16466 | D:15     | Gained mutation: Your system is resistant to poisons. (rPois) [mutagenic meat]
 16467 | D:15     | Gained mutation: Your body sometimes deteriorates upon taking damage. [mutagenic meat]
 16468 | D:15     | Lost mutation: You possess an exceptional clarity of mind. [mutagenic meat]
 16469 | D:15     | Gained mutation: You evolve. [mutagenic meat]
 16471 | D:15     | Lost mutation: Your muscles are strong. (Str +2) [mutagenic meat]
 16519 | D:15     | Reached XP level 16. HP: 143/143 MP: 20/20
 16532 | D:15     | Found a staircase to the Depths.
 17082 | Snake:1  | Entered Level 1 of the Snake Pit
 17289 | Snake:1  | Gained mutation: You have large cloven feet. [evolution]
 17724 | Snake:2  | Received a gift from Trog
 17826 | Snake:2  | Noticed Louise
 17837 | Snake:2  | Killed Louise
 18195 | Snake:3  | Reached skill level 18 in Axes
 18333 | Snake:3  | Noticed Vashnia
 18356 | Snake:3  | Reached skill level 15 in Shields
 18395 | Snake:3  | Killed Vashnia
 18911 | Snake:3  | Received a gift from Trog
 19125 | Snake:4  | Entered Level 4 of the Snake Pit
 19126 | Snake:4  | Noticed Laauton's ghost (adept GrBe)
 19134 | Snake:4  | Reached skill level 15 in Fighting
 19135 | Snake:4  | Killed Laauton's ghost
 19165 | Snake:4  | Reached XP level 17. HP: 93/156 MP: 22/22
 19171 | Snake:4  | Gained mutation: Your magical capacity is low. (-10% MP) [mutagenic meat]
 19172 | Snake:4  | Gained mutation: Armour fits poorly on your strangely shaped body. [mutagenic meat]
 19173 | Snake:4  | Lost mutation: Scrolls take you a little longer to read. [mutagenic meat]
 19279 | Snake:4  | Received a gift from Trog
 19306 | Snake:4  | Noticed Rrauwl's ghost (adept CeAK)
 19313 | Snake:4  | Killed Rrauwl's ghost
 19578 | Snake:4  | Received a gift from Trog
 20026 | Snake:4  | Noticed Agnes
 20036 | Snake:4  | Killed Agnes
 20107 | Snake:4  | Received a gift from Trog
 20167 | Snake:4  | Noticed Mara
 20168 | Snake:4  | Noticed Rrauwl's illusion
 20186 | Snake:4  | Noticed Rrauwl's illusion
 20207 | Snake:4  | Killed Mara
 20348 | Snake:4  | Found a gateway to a bazaar.
 20365 | Bazaar   | Entered a bazaar
 20373 | Bazaar   | Found Feuwawn's Antique Weapon Shoppe.
 20384 | Bazaar   | Found Uxuxuz's Antique Weapon Emporium.
 20400 | Bazaar   | Found Ohoess's Antique Armour Shoppe.
 20405 | Bazaar   | Bought a pair of scorched boots for 332 gold pieces
 20415 | Bazaar   | Identified the +1 pair of boots "Isenwi Ryth" {Str+3 Int-5} (You bought it in a shop in a bazaar)
 20415 | Bazaar   | Lost intelligence.
 20448 | Bazaar   | Bought a runed large shield for 367 gold pieces
 20467 | Bazaar   | Found Utuem's Antique Armour Emporium.
 20620 | Snake:4  | Found Pyntotuf's Assorted Antiques.
 20773 | Snake:4  | Found Yculor's General Store.
 20797 | Snake:4  | Bought a potion of cure mutation for 525 gold pieces
 20797 | Snake:4  | Lost mutation: Armour fits poorly on your strangely shaped body. [potion of cure mutation]
 20797 | Snake:4  | Lost mutation: Your magical capacity is low. (-10% MP) [potion of cure mutation]
 20797 | Snake:4  | Lost mutation: You are clumsy. (Dex -2) [potion of cure mutation]
 20797 | Snake:4  | Lost mutation: You have large cloven feet. [potion of cure mutation]
 20797 | Snake:4  | Lost mutation: Your body sometimes deteriorates upon taking damage. [potion of cure mutation]
 20797 | Snake:4  | Lost mutation: You evolve. [potion of cure mutation]
 21031 | Snake:4  | Received a gift from Trog
 21054 | Snake:4  | Got a serpentine rune of Zot
 21057 | Snake:4  | Gained mutation: You are resistant to hostile enchantments. (MR+) [mutagenic meat]
 21129 | Snake:3  | Reached XP level 18. HP: 140/166 MP: 23/23
 21358 | Depths:1 | Entered Level 1 of the Depths
 21365 | Depths:1 | Reached skill level 10 in Throwing
 21368 | Depths:1 | Received a gift from Trog
 21535 | Depths:1 | Noticed a lich
 21541 | Depths:1 | Killed a lich
 21557 | Depths:1 | Reached skill level 15 in Armour
 21638 | Depths:1 | Reached skill level 10 in Dodging
 21681 | Depths:1 | Noticed Nikola
 21695 | Depths:1 | Noticed Aizul
 21695 | Depths:1 | Killed Nikola
 21695 | Depths:1 | Received a gift from Trog
 21704 | Depths:1 | Killed Aizul
 22031 | Depths:1 | Found a runed door.
 22031 | Depths:1 | Noticed a golden dragon
 22043 | Depths:1 | Killed a golden dragon
 22076 | Depths:1 | Noticed Asterion
 22080 | Depths:1 | Killed Asterion
 22080 | Depths:1 | Reached skill level 5 in Stealth
 22162 | Depths:1 | Received a gift from Trog
 22513 | Depths:2 | Identified the Handbook of Poisoning
 22858 | Depths:2 | Reached XP level 19. HP: 157/175 MP: 24/24
 22936 | Depths:2 | Received a gift from Trog
 22993 | Depths:2 | Identified the Compendium of Supportive Cold
 23017 | Depths:2 | Received a gift from Trog
 23424 | Depths:2 | Identified the Grimoire of Feathers
 23584 | Depths:2 | Identified the Incunabulum of Changing
 23631 | Depths:2 | Received a gift from Trog
 23664 | Depths:2 | Identified the Guide on the Arsonist
 23739 | Depths:2 | Identified Sif Muna's Guide on Summoning
 24142 | Orc:1    | Entered Level 1 of the Orcish Mines
 24354 | Orc:1    | Found a roughly hewn altar of Beogh.
 24487 | Orc:2    | Entered Level 2 of the Orcish Mines
 24662 | Orc:2    | Found a staircase to the Elven Halls.
 24775 | Orc:2    | Received a gift from Trog
 24788 | Orc:2    | Reached skill level 19 in Axes
 24828 | Orc:2    | Found Nisoig's Assorted Antiques.
 24831 | Orc:2    | Found Xeneuh Nogoa's Magic Scroll Shop.
 24836 | Orc:2    | Found Soget's Assorted Antiques.
 24838 | Orc:2    | Found Juug's Magic Scroll Shop.
 24844 | Orc:2    | Bought a scroll of enchant armour for 120 gold pieces
 24848 | Orc:2    | Bought a scroll labeled XELARO UZIAHONK for 17 gold pieces
 24850 | Orc:2    | Bought 2 smoky yellow potions for 57 gold pieces
 24854 | Orc:2    | Bought 2 scrolls of blinking for 225 gold pieces
 24854 | Orc:2    | Bought a scroll of fog for 30 gold pieces
 24854 | Orc:2    | Bought a scroll of enchant armour for 112 gold pieces
 25020 | Orc:2    | Received a gift from Trog
 25116 | Orc:2    | Found a deep blue altar of Sif Muna.
 25131 | Orc:2    | Identified Sif Muna's Handbook of Hexes
 25709 | Depths:3 | Found a one-way gate leading to the halls of Pandemonium.
 25715 | Depths:3 | Noticed a caustic shrike
 25727 | Depths:3 | Noticed a golden dragon
 25728 | Depths:3 | Noticed a caustic shrike
 25734 | Depths:3 | Killed a caustic shrike
 25735 | Depths:3 | Killed a golden dragon
 25740 | Depths:3 | Noticed a golden dragon
 25748 | Depths:3 | Noticed Boris
 25754 | Depths:3 | Noticed a golden dragon
 25758 | Depths:3 | Killed a golden dragon
 25758 | Depths:3 | Reached XP level 20. HP: 75/188 MP: 25/25
 25943 | Depths:3 | Received a gift from Trog
 25944 | Depths:3 | Got a faintly glowing battleaxe {god gift}
 25945 | Depths:3 | Identified the +3 battleaxe of Harmony {venom, +Rage rElec MR-} (Trog gifted it to you on level 3 of the Depths)
 25948 | Depths:3 | Got a polished flail {flame}
 25949 | Depths:3 | Identified the +7 flail of Wyrd {flame, rPois} (You took it off a fire giant on level 3 of the Depths)
 25967 | Depths:3 | Killed a golden dragon
 25988 | Depths:3 | Killed a caustic shrike
 26010 | Depths:3 | Killed Boris
 26072 | Depths:3 | Noticed a shard shrike
 26073 | Depths:3 | a shard shrike changed into a titan
 26075 | Depths:3 | Noticed a juggernaut
 26075 | Depths:3 | a hellephant changed into a juggernaut
 26079 | Depths:3 | Noticed a shard shrike
 26079 | Depths:3 | a juggernaut changed into a shard shrike
 26085 | Depths:3 | Killed a shard shrike
 26483 | Depths:3 | Noticed Frederick
 26491 | Depths:3 | Killed Frederick
 26532 | Depths:3 | Got an ancient broad axe
 26533 | Depths:3 | Identified the +9 broad axe of Saateojelo {elec, rF- Str+7} (You found it on level 3 of the Depths)
 26668 | Depths:3 | Got a brightly glowing halberd {drain}
 26669 | Depths:3 | Identified the +5 halberd "Lillaq" {drain, Int+2} (You took it off a tengu reaver on level 3 of the Depths)
 27077 | Vaults:1 | Entered Level 1 of the Vaults
 27116 | Vaults:1 | Received a gift from Trog
 27274 | Vaults:1 | Lost intelligence.
 28390 | D:12     | Bought a potion of beneficial mutation for 455 gold pieces
 28390 | D:12     | Bought a potion of beneficial mutation for 455 gold pieces
 28390 | D:12     | Gained mutation: You are partially covered in slimy green scales. (AC +2) [potion of beneficial mutation]
 28391 | D:12     | Gained mutation: You have large cloven feet. [potion of beneficial mutation]
 28463 | Lair:1   | Lost intelligence.
 29040 | Vaults:1 | Reached skill level 20 in Axes
 29045 | Vaults:1 | Reached skill level 10 in Stealth
 29144 | Vaults:1 | Received a gift from Trog
 29342 | Vaults:1 | Received a gift from Trog
 29355 | Vaults:1 | Gained mutation: You are surrounded by a mild repulsion field. (EV +2) [mutagenic meat]
 29641 | Vaults:2 | Reached XP level 21. HP: 198/198 MP: 26/26
 30139 | Vaults:2 | Found Baetuyvy's Antique Armour Boutique.
 30147 | Vaults:2 | Bought a pair of translucent boots for 275 gold pieces
 30157 | Vaults:2 | Identified the cursed +0 pair of boots of Okawaru's Favour {+Inv Int+5 SInv} (You bought it in a shop on level 2 of the Vaults)
 30648 | Vaults:2 | Received a gift from Trog
 30836 | Vaults:2 | Found a staircase to the Crypt.
 31116 | Crypt:1  | Entered Level 1 of the Crypt
 31356 | Crypt:1  | Received a gift from Trog
 31542 | Crypt:1  | Received a gift from Trog
 31543 | Crypt:1  | Got an ancient war axe {god gift}
 31544 | Crypt:1  | Identified the +5 war axe "Poshol" {freeze, Stlth+} (Trog gifted it to you on level 1 of the Crypt)
 31874 | Crypt:2  | Noticed Jorgrun
 31880 | Crypt:2  | Killed Jorgrun
 32570 | Crypt:3  | Entered Level 3 of the Crypt
 32589 | Crypt:3  | Reached skill level 21 in Axes
 32598 | Crypt:3  | Received a gift from Trog
 32622 | Crypt:3  | Got a bloodstained mace
 32623 | Crypt:3  | Identified the +1 mace "Nevian" {venom, Str+2} (You found it on level 3 of the Crypt)
 32771 | Crypt:3  | Received a gift from Trog
 32788 | Crypt:3  | Reached XP level 22. HP: 135/209 MP: 27/27
 32849 | Crypt:3  | Found a staircase to the Tomb.
 33252 | Crypt:3  | Noticed a greater mummy
 33263 | Crypt:3  | Killed a greater mummy
 33276 | Crypt:3  | Received a gift from Trog
 33445 | Crypt:3  | Identified Duwkoo's Compendium of Stolen Souls
 33574 | Crypt:3  | Got a jewelled chain mail
 33575 | Crypt:3  | Identified the cursed +0 chain mail of Gucyn {rPois rC- SInv} (You found it on level 3 of the Crypt)
 33862 | Tomb:1   | Entered Level 1 of the Tomb of the Ancients
 34759 | Vaults:3 | Received a gift from Trog
 35083 | Vaults:3 | Received a gift from Trog
 36211 | Vaults:4 | Received a gift from Trog
 36548 | Vaults:4 | Received a gift from Trog
 36561 | Vaults:4 | Received a gift from Trog
 36778 | Vaults:4 | Reached skill level 22 in Axes
 36864 | Vaults:5 | Entered Level 5 of the Vaults
 36871 | Vaults:5 | Received a gift from Trog
 36871 | Vaults:5 | Reached XP level 23. HP: 125/219 MP: 28/28
 36990 | Vaults:5 | Received a gift from Trog
 37442 | Vaults:5 | Received a gift from Trog
 37464 | Vaults:5 | Got an uncursed jewelled short sword {freeze}
 37464 | Vaults:5 | Got a smoking plate armour
 37467 | Vaults:5 | Got a pitted quarterstaff {elec}
 37473 | Vaults:5 | Got a brightly glowing ruby amulet
 37510 | Vaults:5 | Identified the Almanac of Arcane Weapons and Execration
 37512 | Vaults:5 | Identified the Compendium of Evil Rituals and Transmutation
 37520 | Vaults:5 | Identified the amulet of Coko {Harm *Drain Dex+3} (You took it off an ogre mage on level 5 of the Vaults)
 37522 | Vaults:5 | Identified the cursed +1 plate armour of Inaction {Int+5 Dex-5} (You took it off a deep elf high priest on level 5 of the Vaults)
 37524 | Vaults:5 | Identified the +10 quarterstaff "Daofomna Ega" {elec, rPois} (You took it off an ironheart preserver on level 5 of the Vaults)
 37525 | Vaults:5 | Identified the +9 short sword "Sauxour" {freeze, Fragile rElec Str+4} (You took it off a deep elf high priest on level 5 of the Vaults)
 37546 | Vaults:5 | Got a twisted short sword
 37547 | Vaults:5 | Identified the +4 short sword of Defiance {vamp, Int+4} (You found it on level 5 of the Vaults)
 37581 | Vaults:5 | Got an iridescent arbalest
 37582 | Vaults:5 | Identified the cursed +1 arbalest of Execution {flame, rN+} (You found it on level 5 of the Vaults)
 37753 | Vaults:5 | Got a slimy gossamer ring
 37759 | Vaults:5 | Got a silver rune of Zot
 37761 | Vaults:5 | Identified the ring "Wocig" {+Blink Dex+4 SInv} (You found it on level 5 of the Vaults)
 37927 | Vaults:5 | Noticed Saint Roka
 37949 | Vaults:5 | Killed Saint Roka
 38028 | Vaults:5 | Reached skill level 23 in Axes
 38050 | Vaults:5 | Received a gift from Trog
 38053 | Vaults:5 | Reached XP level 24. HP: 212/232 MP: 28/28
 38090 | Vaults:5 | Got a twisted war axe {flame}
 38091 | Vaults:5 | Identified the cursed +1 war axe "Fapn" {flame, MR+ Int+6} (You took it off an ironbrand convoker on level 5 of the Vaults)
 38672 | Tomb:1   | Received a gift from Trog
 38691 | Tomb:1   | Received a gift from Trog
 38945 | Tomb:1   | Noticed a greater mummy
 38956 | Tomb:1   | Killed a greater mummy
 39073 | Tomb:1   | Got a pair of pitted gloves
 39088 | Tomb:1   | Identified the +1 pair of gloves of Recklessness {rF+ MR+ Regen+} (You acquired it on level 1 of the Tomb of the Ancients)
 39110 | Tomb:1   | Noticed a greater mummy
 39123 | Tomb:1   | Killed a greater mummy
 39298 | Tomb:2   | Noticed a greater mummy
 39299 | Tomb:2   | Noticed a greater mummy
 39299 | Tomb:2   | Noticed a greater mummy
 39314 | Tomb:2   | Killed a greater mummy
 39331 | Tomb:2   | Killed a greater mummy
 39356 | Tomb:2   | Noticed a greater mummy
 39372 | Tomb:2   | HP: 9/233 [poisoned by an ushabti (dark miasma)]
 39458 | Tomb:2   | Received a gift from Trog
 39605 | Tomb:2   | Killed a greater mummy
 39621 | Tomb:1   | Noticed a greater mummy
 39624 | Tomb:1   | Noticed a greater mummy
 39633 | Tomb:1   | Noticed a greater mummy
 39634 | Tomb:1   | Killed a greater mummy
 39641 | Tomb:1   | Killed a greater mummy
 39645 | Tomb:1   | Killed a greater mummy
 39645 | Tomb:1   | Received a gift from Trog
 39651 | Tomb:1   | Noticed a greater mummy
 39651 | Tomb:1   | Noticed a greater mummy
 39664 | Tomb:1   | Killed a greater mummy
 39668 | Tomb:1   | Killed a greater mummy
 39748 | Tomb:1   | Noticed a greater mummy
 39760 | Tomb:1   | Killed a greater mummy
 40222 | Tomb:2   | Received a gift from Trog
 40270 | Tomb:2   | Got a smoking dagger {speed}
 40273 | Tomb:2   | Identified the +8 dagger of the Shark {speed, rElec Int+2} (You took it off a mummy priest on level 2 of the Tomb of the Ancients)
 40421 | Tomb:1   | Noticed a greater mummy
 40427 | Tomb:1   | Killed a greater mummy
 40455 | Tomb:1   | Noticed a greater mummy
 40466 | Tomb:1   | Noticed a greater mummy
 40469 | Tomb:1   | Killed a greater mummy
 40477 | Tomb:1   | Killed a greater mummy
 40496 | Tomb:1   | Noticed a greater mummy
 40510 | Tomb:1   | Killed a greater mummy
 40643 | Tomb:1   | Noticed a greater mummy
 40652 | Tomb:1   | Killed a greater mummy
 40652 | Tomb:1   | Reached XP level 25. HP: 118/243 MP: 28/28
 40658 | Tomb:1   | Noticed a greater mummy
 40669 | Tomb:1   | Killed a greater mummy
 40669 | Tomb:1   | Reached skill level 24 in Axes
 40768 | Tomb:1   | Noticed a greater mummy
 40784 | Tomb:1   | Killed a greater mummy
 40926 | Tomb:1   | Noticed a greater mummy
 40970 | Tomb:1   | Killed a greater mummy
 41104 | Tomb:1   | Noticed a greater mummy
 41111 | Tomb:1   | Noticed a greater mummy
 41111 | Tomb:1   | Noticed a greater mummy
 41112 | Tomb:1   | Noticed a greater mummy
 41483 | Tomb:1   | Noticed a greater mummy
 41487 | Tomb:1   | Noticed a greater mummy
 41492 | Tomb:1   | Killed a greater mummy
 41499 | Tomb:1   | Killed a greater mummy
 41518 | Tomb:1   | Killed a greater mummy
 41643 | Tomb:1   | Killed a greater mummy
 41657 | Tomb:1   | Killed a greater mummy
 41752 | Tomb:1   | Noticed a greater mummy
 41754 | Tomb:1   | Noticed a greater mummy
 41763 | Tomb:1   | Killed a greater mummy
 41774 | Tomb:1   | Killed a greater mummy
 41828 | Tomb:1   | Noticed a greater mummy
 41842 | Tomb:1   | Killed a greater mummy
 42020 | Tomb:1   | Noticed a greater mummy
 42032 | Tomb:1   | Killed a greater mummy
 42032 | Tomb:1   | Received a gift from Trog
 42050 | Tomb:1   | Noticed a greater mummy
 42056 | Tomb:1   | Noticed a greater mummy
 42063 | Tomb:1   | Killed a greater mummy
 42069 | Tomb:1   | Killed a greater mummy
 42072 | Tomb:1   | Killed a greater mummy
 42164 | Tomb:2   | HP: 9/340 [greater mummy (18)]
 42165 | Tomb:2   | Killed a greater mummy
 42165 | Tomb:2   | HP: 2/339 [poison (dark miasma)]
 42166 | Tomb:2   | Succumbed to poison (dark miasma)

Skill      XL: |  1  2  3  4  5  6  7  8  9 10 11 12 13 14 15 16 17 18 19 20 21 22 23 24 25 |
---------------+----------------------------------------------------------------------------+-----
Armour         | 3 4 5 6 9 10 11 12 13 14 15 17 18 19 20 21 22 23 | 23.1
Axes           | 4 5 9 12 13 14 15 16 17 18 19 20 21 22 23 24 | 24.6
Dodging        | 3 4 5 6 7 8 9 10 | 10.0
Fighting       | 4 5 6 9 10 11 12 13 15 16 17 18 19 20 21 22 23 | 23.9
Throwing       | 1 2 4 5 7 8 9 11 | 11.1
Stealth        | 1 3 4 5 7 10 | 10.6
Shields        | 6 7 9 11 12 13 15 16 17 18 19 20 21 22 23 | 23.9
Evocations     | 1 3 4 6 7 8 |  8.0
Spellcasting   | |  0.6

Action                   |  1- 3 |  4- 6 |  7- 9 | 10-12 | 13-15 | 16-18 | 19-21 | 22-24 | 25-27 || total
-------------------------+-------+-------+-------+-------+-------+-------+-------+-------+-------++-------
Melee: Hand axe          |    88 |   166 |   231 |       |       |       |       |       |       ||   485
       Headbutt          |    15 |    24 |    50 |    77 |    93 |   182 |   358 |   300 |    60 ||  1159
       Broad axe         |       |       |    59 |   346 |   415 |   794 |  1093 |  1069 |   163 ||  3939
       Executioner's axe |       |       |       |       |       |       |   113 |       |       ||   113
Throw: Tomahawk          |       |       |       |       |       |       |     8 |       |       ||     8
Invok: Berserk           |     1 |     1 |     7 |     3 |     3 |     6 |     2 |     5 |    10 ||    38
       Trog's Hand       |       |     1 |       |       |       |     1 |     5 |    11 |     1 ||    19
       Burn Spellbooks   |       |       |     1 |       |       |     1 |       |       |       ||     2
       Brothers in Arms  |       |       |       |       |     5 |     8 |     4 |     1 |       ||    18
 Abil: Stop Flying       |       |       |       |       |       |       |     2 |       |       ||     2
       Evoke Flight      |       |       |       |       |       |       |     2 |       |       ||     2
Evoke: Wand              |       |       |       |       |       |     3 |     6 |    45 |       ||    54
  Use: Potion            |       |     2 |     9 |     5 |     6 |     7 |     2 |    11 |       ||    42
       Scroll            |       |     1 |    19 |    12 |     9 |     7 |    14 |    30 |     2 ||    94
 Stab: Distracted        |       |       |     1 |     5 |       |    10 |    21 |    23 |     3 ||    63
       Paralysed         |       |       |       |       |       |     1 |       |     3 |       ||     4
  Eat: Chunk             |     1 |     5 |    23 |    16 |    42 |    23 |    25 |    10 |       ||   145
       Beef jerky        |       |     1 |     1 |     2 |       |     3 |     2 |       |       ||     9
       Royal jelly       |       |       |     1 |       |       |       |       |       |       ||     1
       Fruit             |       |       |       |     3 |       |     3 |       |       |       ||     6
       Pizza             |       |       |       |     1 |       |     1 |       |       |       ||     2
       Bread ration      |       |       |       |       |       |     1 |     3 |     2 |     2 ||     8
       Meat ration       |       |       |       |       |       |       |       |     4 |     1 ||     5
Armor: Chain mail        |    43 |    63 |    87 |       |       |       |       |       |       ||   193
       Crystal plate arm |       |       |    28 |   129 |   194 |   249 |   322 |   451 |    44 ||  1417
Dodge: Dodged            |    31 |    73 |    84 |    37 |    52 |   111 |   210 |   269 |    37 ||   904
Block: Buckler           |       |       |    18 |    30 |       |       |       |       |       ||    48
       Large shield      |       |       |       |   147 |   371 |   802 |   864 |  1148 |   170 ||  3502
